AoeStats
← NachoFries4886

Coastal Forest

510364252Analyzed
2v2 RM · 1d ago on Sep 30, 2026· 50m 41s· 4 players
Game mode
Random Map
Map size
Medium (4 player)
Population
200
Speed
Normal
Resources
Standard
Victory
Conquest
Starting age
Dark Age
Ending age
Imperial Age
RankedLock teamsTeams togetherTeam positionsShared explorationLock speedFull tech treeHidden civsTurbo modeCheats
Victory
Defeat
🇩🇪 Varangians · Germany
897
+15
🇮🇹 Italians · Italy
876
+16
🇺🇸 Vikings · United States
898
-16
🇩🇪 Japanese · Germany
853
-15
MABragadin
4:32 Loom
10:32 Feudal Age
11:03 Double-Bit Axe
11:06 Town Watch
15:24 Scale Barding Armor
16:36 Forging
16:44 Bloodlines
20:35 Castle Age
20:29 Fishing Lines
20:42 Fletching
23:36 Horse Collar
24:10 Bow Saw
24:20 Bodkin Arrow
25:12 Wheelbarrow
24:34 Gold Mining
25:37 Stone Mining
25:11 Crossbowman
25:58 Padded Archer Armor
27:19 Medium Warships
27:48 Hand Cart
28:37 Leather Archer Armor
28:34 Town Patrol
29:06 Heavy Plow
31:38 Ballistics
31:33 Treadmill Crane
33:33 Medium Warships
32:44 Demolition Ship
33:34 Thumb Ring
33:50 Masonry
36:12 Iron Casting
35:40 Squires
38:08 Chain Barding Armor
38:24 Scale Mail Armor
38:12 Arson
37:58 Light Cavalry
38:39 Husbandry
41:44 Imperial Age
42:29 Bracer
42:32 Arbalester
45:28 Chemistry
45:30 Two-Man Saw
45:04 Crop Rotation
45:37 Plate Barding Armor
44:29 Hussar
46:40 Architecture
47:18 Blast Furnace
46:41 Cavalier
48:36 Ring Archer Armor
50:24 Town Patrol
50:34 Caravan
50:52 Chain Mail Armor
Mepheisto
9:02 Loom
11:32 Feudal Age
13:38 Bloodlines
15:37 Forging
15:55 Scale Barding Armor
15:52 Double-Bit Axe
17:28 Horse Collar
23:58 Castle Age
22:52 Scale Mail Armor
27:07 Gambesons
27:24 Squires
28:37 Chain Mail Armor
29:01 Arson
31:18 Stone Mining
31:51 Husbandry
32:49 Bow Saw
32:41 Heavy Plow
35:56 Gold Mining
40:06 Imperial Age
42:04 Chain Barding Armor
42:25 Town Watch
43:25 Wheelbarrow
43:28 Conscription
43:48 Iron Casting
46:53 Plate Barding Armor
49:27 Blast Furnace
47:56 Vendel Legacy
49:15 Cavalier
Adelmann
8:31 Loom
10:44 Feudal Age
16:23 Castle Age
17:39 Fletching
24:55 Crossbowman
26:17 Ballistics
27:59 Bodkin Arrow
35:36 Double-Bit Axe
38:05 Thumb Ring
40:12 Elite Skirmisher
42:33 Padded Archer Armor
44:53 Leather Archer Armor
50:53 Imperial Age
NachoFries4886
0:30 Loom
14:08 Feudal Age
14:40 Double-Bit Axe
19:47 Castle Age
18:59 Gold Mining
18:53 Horse Collar
26:17 Pikeman
28:42 Squires
28:27 Arson
29:19 Heavy Plow
30:24 Scale Mail Armor
35:45 Imperial Age
34:38 Chain Mail Armor
34:33 Forging
34:45 Town Watch
39:33 Plate Mail Armor
39:38 Iron Casting
39:42 Elite Berserk
40:09 Elite Skirmisher
42:25 Padded Archer Armor
42:15 Fletching
43:43 Bodkin Arrow
44:03 Leather Archer Armor
44:42 Bracer
44:49 Scale Barding Armor
45:56 Chemistry
47:26 Ring Archer Armor
46:34 Sappers
47:25 Conscription
Connection lost

Rejoining the realm…

Still unreachable

The connection could not be restored.

Session expired

The server has moved on; the page needs a fresh start.